 Dungeon Crawl Stone Soup version 0.32-a0-43-g058985b245 (webtiles) character file.

Game seed: 8702603710610599796

143 Ceno the Cudgeller (level 5, 0/63 HPs)
             Began as an Armataur Warper on Feb 5, 2024.
             Succumbed to a scorpion's poison
             ... on level 3 of the Dungeon.
             The game lasted 00:07:42 (2354 turns).

Ceno the Cudgeller (Armataur Warper)                Turns: 2354, Time: 00:07:42

Health: 0/63       AC: 22    Str: 18    XL:     5   Next: 4%
Magic:  7/7        EV:  1    Int: 13    God:
Gold:   80         SH:  0    Dex: 10    Spells: 5/7 levels left

rFire   . . .        a - +0 mace
rCold   . . .        (no shield)
rNeg    . . .        b - melded +0 leather armour
rPois   +            (helmet currently unavailable)
rElec   .            (cloak currently unavailable)
rCorr   .            o - melded +0 pair of gloves
SInv    .            (no barding)
Will    .....        f - amulet of regeneration
Stlth   +            (no ring)
HPRegen 1.10/turn    (no ring)
MPRegen 0.43/turn

%: roll
@: lethally poisoned (0 -> -6), tree-form
A: stationary, stasis, torment immunity, boosted hp, large, (deformed body),
(tough skin 3), (armoured tail), roll 1
a: no special abilities


You were on level 3 of the Dungeon.
You were a tree.
You visited 1 branch of the dungeon, and saw 4 of its levels.
You also visited: Sewer.

You collected 80 gold pieces.

Inventory:

Hand Weapons
 a - a +0 mace (weapon)
Missiles
 d - 7 darts of dispersal
 k - 14 stones (quivered)
Armour
 b - a +0 leather armour (melded)
 o - a +0 pair of gloves (melded)
Jewellery
 f - an amulet of regeneration (around neck)
Wands
 s - a wand of flame (38)
 t - a wand of polymorph (9)
Scrolls
 c - 2 scrolls of blinking
 e - 3 scrolls of teleportation
 g - a scroll of vulnerability
 j - 2 scrolls of identify {unknown}
 l - a scroll of immolation {unknown}
 m - a scroll of noise {unknown}
 p - a scroll of amnesia
 q - a scroll of enchant armour {unknown}
 v - a scroll of poison {unknown}
Potions
 i - a potion of mutation {unknown}
 n - a potion of resistance {unknown}
 r - a potion of brilliance {unknown}
 u - a potion of curing {unknown}


   Skills:
 + Level 2.7 Fighting
 * Level 3.6 Maces & Flails
 - Level 0.8 Throwing
 + Level 3.0 Armour
 - Level 1.3 Dodging
 - Level 1.7 Spellcasting
 - Level 3.0 Translocations


You had 5 spell levels left.
You knew the following spells:

 Your Spells              Type           Power      Damage    Failure   Level
a - Blink                 Tloc           16%        N/A       12%         2

Your spell library contained the following spells:

 Spells                   Type           Power      Damage    Failure   Level
 Lesser Beckoning         Tloc           16%        N/A       12%         2
 Teleport Other           Tloc           8%         N/A       22%         3
 Manifold Assault         Tloc           8%         N/A       58%         4
 Vhi's Electric Charge    Tloc/Air       10%        N/A       80%         4
 Chain Lightning          Conj/Air       0%         2d1       100%        9
 Fire Storm               Conj/Fire      0%         6d1       100%        9
 Shatter                  Erth           0%         3d5*      100%        9


Dungeon Overview and Level Annotations

Branches:
Dungeon (4/15)              Sewer (visited)
 Temple: D:4-7

Altars:

Shops:
D:3 [


Innate Abilities, Weirdness & Mutations

You are a tree.
Your roots penetrate the ground, keeping you stationary.
You cannot be teleported.
You are immune to unholy pain and torment.
Your maximum health is greatly increased.
Your equipment is partially melded.
((Armour fits poorly on your strangely shaped body.))
((You have extremely tough skin. (AC +3)))
((You have a long armoured tail.))
You regenerate magic when rolling toward enemies. (Rampage MPRegen)


Message History

The scorpion is severely wounded.
You feel extremely sick. The scorpion barely misses you.
You closely miss the scorpion.
The scorpion is severely wounded.
You feel very sick.
The scorpion stings you but does no damage.
The scorpion closely misses you.
You hit the scorpion.
The scorpion is almost dead.
You feel very sick. The scorpion stings you.
You hit the scorpion but do no damage.
The scorpion is almost dead.
You feel very sick. The scorpion stings you.
You are more poisoned.
The scorpion poisons you! The scorpion stings you.
You are lethally poisoned!
The scorpion poisons you!
You barely miss the scorpion.
The scorpion is almost dead.
* * * LOW HITPOINT WARNING * * *
You feel extremely sick. The scorpion misses you.
You hit the scorpion but do no damage.
The scorpion is almost dead.
* * * LOW HITPOINT WARNING * * *
You feel very sick.
The scorpion stings you but does no damage.
It was a potion of lignification.
You turn into a tree.
Your +0 pair of gloves melds into your body.
Your +0 leather armour melds into your body.
Your roots penetrate the ground.
* * * LOW HITPOINT WARNING * * *
You feel very sick.
The scorpion stings you but does no damage. x2
You sock the scorpion!
You kill the scorpion!
You die...

##.#.).....#
...........# #... #.#+#
#....##.#.# ..........#
#####.#<### #.#)# # #†#
#♣# #.# #.# ####.#####
#........# . #........#
#. #.##........# #.
#...........# #.
####........###########.


There were no monsters in sight!

Vanquished Creatures
  A scorpion (D:3)
  4 adders
  A river rat (Sewer)
  A white imp (D:3)
  A dart slug (D:3)
  3 ribbon worms
  2 orcs (D:3)
  5 ball pythons
  5 bats
  5 endoplasms
  5 giant cockroaches
  9 goblins
  3 hobgoblins (D:1)
  10 jackals
  5 quokkas
  A frilled lizard (D:2)
  7 kobolds
  6 rats
74 creatures vanquished.

Notes
Turn   | Place    | Note
-------+----------+-------------------------------------------
     0 | D:1      | Ceno the Armataur Warper began the quest for the Orb.
     0 | D:1      | Reached XP level 1. HP: 17/17 MP: 3/3
   115 | D:1      | Reached XP level 2. HP: 21/24 MP: 4/4
   118 | D:1      | Learned a level 2 spell: Blink
   433 | D:1      | Reached XP level 3. HP: 29/29 MP: 5/5
  1099 | D:2      | Reached XP level 4. HP: 37/37 MP: 6/6
  1486 | D:2      | You fall into a shaft and drop 1 floor!
  1528 | D:4      | Found a glowing drain.
  1532 | Sewer    | Entered a sewer
  1581 | Sewer    | Noticed a kobold brigand
  1581 | Sewer    | Noticed a kobold brigand
  2138 | D:3      | Found Ivuta's Armour Shop.
  2257 | D:3      | Reached XP level 5. HP: 42/42 MP: 7/7
  2353 | D:3      | HP: 2/63 [poisoned by a scorpion]
  2354 | D:3      | Succumbed to a scorpion's poison

Illustrated notes

Levels and vault maps discovered:
D:1:      spicycebolla_arrival_clurvy, layout_basic, minmay_tetromino_t4
D:2:      layout_loops_ring, minmay_statues_item
D:3:      layout_basic, serial_shops, nicolae_diamond_shop, minivault_5
D:4:      layout_loops_ring, grunt_temple_overflow_open, gup_sewer_entry_bowl,
          uniq_edmund, uniq_grinder

Skill      XL: |  1  2  3  4 |
---------------+-------------+-----
Maces & Flails | 2 3 |  3.6
Fighting       | 2 |  2.7
Armour         | 2 3 |  3.0
Throwing       | |  0.8
Dodging        | |  1.3
Spellcasting   | |  1.7
Translocations | |  3.0

Action                     |  1- 3 |  4- 6 || total
---------------------------+-------+-------++-------
  Melee: Mace              |   126 |   123 ||   249
         Tailslap          |    18 |    16 ||    34
         Punch             |     1 |     2 ||     3
    Use: Scroll            |       |     3 ||     3
         Potion            |       |     1 ||     1
 Armour: Leather armour    |    91 |    80 ||   171
         Skin              |       |     2 ||     2
  Dodge: Dodged            |    71 |    54 ||   125

Table legend: (Time is in decaauts)
 A = Elapsed time spent in this place.
 B = Non-inter-level travel time spent in this place.
 C = Inter-level travel time spent in this place.
 D = Time resting spent in this place.
 E = Time spent auto-exploring this place.
 F = Levels seen in this place.
 G = Mean time per level.
                   A        B        C        D        E       F      G
               +--------+--------+--------+--------+--------+-----+--------+
         Total |   2426 |   2252 |    174 |     16 |   1284 |   5 |  485.2 |
       Dungeon |   2337 |   2163 |    174 |     16 |   1284 |   4 |  584.2 |
         Sewer |     88 |     88 |      0 |      0 |      0 |   1 |   88.0 |
               +--------+--------+--------+--------+--------+-----+--------+

Top non-repeatable levels by time:
     D:2: 940 daAuts
     D:1: 886 daAuts
     D:3: 448 daAuts
   Sewer: 88 daAuts
     D:4: 61 daAuts
